 Dungeon Crawl Stone Soup version 0.13-a0-2484-gc765b08 (webtiles) character file.

489 Rycklaryybbe the Cutter (level 6, 70/78 HPs)
             Began as a Demonspawn Berserker on July 20, 2013.
             Was a Priest of Trog.
             Quit the game on Level 4 of the Dungeon.
             The game lasted 00:12:10 (3377 turns).

Rycklaryybbe the Cutter (Demonspawn Berserker)      Turns: 3377, Time: 00:12:11

HP  70/78        AC  8     Str 24      XL: 6   Next: 11%
MP   5/5         EV  9     Int  8      God: Trog [***...]
Gold 195         SH 29     Dex 13      Spells:  0 memorised,  5 levels left

Res.Fire  : . . .   See Invis. : .   y - +0 short sword
Res.Cold  : . . .   Warding    : .   k - +0 ring mail
Life Prot.: . . .   Conserve   : .   i - +0 large shield
Res.Poison: .       Res.Corr.  : .   (no helmet)
Res.Elec. : .       Clarity    : .   (no cloak)
Sust.Abil.: . .     Spirit.Shd : .   u - +0 pair of bracers {archer}
Res.Mut.  : .       Stasis     : .   (no boots)
Res.Rott. : .       Flight     : .   (no amulet)
Saprovore : . . .                    v - +4 ring of evasion
                                     e - ring of wizardry

@: berserking, very quick, slightly resistant to hostile enchantments, extremely
unstealthy
A: claws 1, berserk 1, blurry vision 1, +10% hp, AC +2
a: Burn Spellbooks, Berserk, Trog's Hand, Renounce Religion


You were on level 4 of the Dungeon.
You worshipped Trog.
Trog was greatly pleased with you.
You were not hungry.

You visited 1 branch of the dungeon, and saw 4 of its levels.

You collected 175 gold pieces.

Inventory:

Hand weapons
 a - a +0,+0 short sword
 p - a cursed -3,-3 sling
 y - a +0,+0 short sword (weapon)
 D - a +0,+0 spear of dragon slaying (quivered)
Armour
 b - a +0 animal skin
 h - a +0 robe
 i - a +0 large shield (worn)
 j - a +0 robe
 k - a +0 ring mail (worn)
 u - a +0 pair of bracers of archery (worn)
 J - a +0 cloak
Comestibles
 c - 3 bread rations
 s - 14 grapes
 w - an orange
 A - 2 meat rations
Scrolls
 d - a scroll of enchant weapon II {unknown}
 f - a scroll of noise {unknown}
 g - 4 scrolls of identify {unknown}
 m - 3 scrolls of remove curse {unknown}
 n - 2 scrolls of teleportation {unknown}
 q - a scroll of recharging {unknown}
 r - 2 scrolls of amnesia {unknown}
 t - 2 scrolls of enchant armour {unknown}
 z - a scroll of fog {unknown}
 C - a scroll of random uselessness {unknown}
 G - a scroll of curse armour {unknown}
 H - a scroll of fear {unknown}
Jewellery
 e - a ring of wizardry (left hand)
 v - a +4 ring of evasion (right hand)
Potions
 l - a potion of brilliance
 E - a potion of restore abilities


   Skills:
 - Level 3.0 Fighting
 + Level 5.0 Short Blades
 - Level 1.7 Armour
 - Level 1.7 Dodging
 - Level 0.2 Stealth
 + Level 3.4 Shields


You had 5 spell levels left.
You didn't know any spells.

Dungeon Overview and Level Annotations

Branches:
Dungeon (4/27)
 Temple: D:4-7

Altars:


Innate Abilities, Weirdness & Mutations

You have sharp fingernails.
You are partially covered in thin metallic scales (AC +2).
You tend to lose your temper in combat.
Your vision is a little blurry.
You are robust (+10% HP).


Message History

You block the adder's attack.
You closely miss the adder.
The adder is moderately wounded.
The adder bites you but does no damage.
You closely miss the adder.
The adder is moderately wounded.
You block the adder's attack. The adder bites you.
A red film seems to cover your vision as you go berserk!
You feel yourself moving faster!
You feel mighty!
You slash the adder!
You kill the adder!
Trog accepts your kill.
No target in view!
No target in view!
No target in view!
No target in view!
Calm down first, please.
Calm down first, please.
Quiver which item? (- for none, * to show all) (? for menu, Esc to quit)
Okay, then.
Are you sure you want to abandon this character and quit the game? (Confirm with "yes".)

######## ##......#
########### #.......#
#.........# #.......#
#.........#
#.......#####.........#
'...........'......%..+
#.........###.........#
##........# #...@..$..#
##......### #..%......#
##......# #.........#
######## ###.#####.#
#.# # ... ... #.#. #.#


There were no monsters in sight!

Vanquished Creatures
  Blork the orc (D:4)
  Crazy Yiuf (D:3)
  4 gnolls (D:3)
  9 adders
  A worm (D:2)
  2 giant geckos
  An orc (D:3)
  9 bats
  3 giant cockroaches
  5 hobgoblins
  A jackal (D:2)
  14 kobolds
  3 quokkas (D:2)
  4 ball pythons
  7 giant newts
  6 goblins
  16 rats
  A fungus (D:3)
  A plant (D:1)
  A toadstool (D:1)
90 creatures vanquished.

Vanquished Creatures (others)
  3 toadstools (D:1)
3 creatures vanquished.

Grand Total: 93 creatures vanquished

Notes
Turn   | Place    | Note
--------------------------------------------------------------
     0 | D:1      | Rycklaryybbe, the Demonspawn Berserker, began the quest for the Orb.
     0 | D:1      | Reached XP level 1. HP: 18/18 MP: 0/0
   234 | D:1      | Gained mutation: You are partially covered in thin metallic scales (AC +2). [demonic ancestry]
   234 | D:1      | Reached XP level 2. HP: 24/24 MP: 1/1
   433 | D:1      | Acquired Trog's second power
   966 | D:2      | Reached XP level 3. HP: 28/30 MP: 2/2
  1044 | D:2      | Reached skill level 1 in Shields
  1421 | D:2      | Reached XP level 4. HP: 20/36 MP: 3/3
  1473 | D:2      | Reached skill level 4 in Short Blades
  2572 | D:3      | Gained mutation: You have sharp fingernails. [demonic ancestry]
  2572 | D:3      | Reached XP level 5. HP: 41/41 MP: 4/4
  3018 | D:3      | Noticed Crazy Yiuf
  3043 | D:3      | Killed Crazy Yiuf
  3094 | D:3      | Gained mutation: Your vision is a little blurry. [potion of mutation]
  3094 | D:3      | Gained mutation: You are robust (+10% HP). [potion of mutation]
  3094 | D:3      | Gained mutation: You tend to lose your temper in combat. [potion of mutation]
  3114 | D:4      | Noticed Blork the orc
  3129 | D:4      | Killed Blork the orc
  3129 | D:4      | Reached XP level 6. HP: 22/52 MP: 5/5
  3352 | D:4      | Reached skill level 5 in Short Blades
  3377 | D:4      | Quit the game

Action                   |  1- 3 |  4- 6 || total
-------------------------+-------+-------++-------
Melee: Short sword       |   197 |   286 ||   483
       Spear             |    76 |       ||    76
Throw: Spear             |       |     3 ||     3
Invok: Trog's Hand       |       |     1 ||     1
       Berserk           |       |     3 ||     3
  Use: Potion            |       |     9 ||     9
